General information
- name: BNet
- type: Ladder 1vs1/FFA
- host: Battle.net
- saver: 7.30
map: TerenasStand
- players: 2
- length: 132:46
- speed: Fast
- version: 1.24 W3XP
- replay type: Public
» download(250 KB)
Players
team 1 (loser)
dmx_br (
teal | 17 APM | 1639 actions | 97:18)
2 Blademaster
1 Wind Walk
1 Critical Strike
1 Tauren Chieftain
1 Endurance Aura
» actions
| Assign group hotkey | 39 | |
| Basic commands | 29 | |
| Build / train | 84 | |
| Enter build submenu | 25 | |
| Enter hero's abilities submenu | 3 | |
| Give item / drop item | 5 | |
| Remove unit from queue | 9 | |
| Right click | 675 | |
| Select / deselect | 480 | |
| Select group hotkey | 203 | |
| Use ability | 87 | |
1639 total
» units
| Peon | 21 | |
| Grunt | 6 | |
| Troll Headhunter/Berserker | 8 | |
| Troll Witch Doctor | 3 | |
| Tauren | 5 | |
| Shaman | 4 | |
47 total
» upgrades
| Pillage | 1 | |
| Spiked Barricades | 1 | |
| Ranged Weapons | 1 | |
| Armor | 1 | |
| Shaman Training | 2 | |
| Berserker Upgrade | 1 | |
| Melee Weapons | 1 | |
| Pulverize | 1 | |
9 total
» buildings
| Orc Burrow | 8 | |
| Altar of Storms | 1 | |
| Barracks | 1 | |
| War Mill | 1 | |
| Watch Tower | 10 | |
| Stronghold | 1 | |
| Voodoo Lounge | 1 | |
| Spirit Lodge | 1 | |
| Fortress | 2 | |
| Tauren Totem | 1 | |
27 total
» build order
02:22 Orc Burrow
02:27 Altar of Storms
02:32 Barracks
04:32 War Mill
05:45 Orc Burrow
06:52 Watch Tower
07:48 Watch Tower
08:48 Watch Tower
09:01 Watch Tower
09:40 Watch Tower
10:48 Watch Tower
11:22 Watch Tower
11:26 Watch Tower
11:38 Watch Tower
11:40 Stronghold
11:47 Voodoo Lounge
12:08 Orc Burrow
12:46 Watch Tower
13:44 Orc Burrow
15:17 Spirit Lodge
15:31 Fortress
15:32 Fortress
16:22 Orc Burrow
16:46 Orc Burrow
18:57 Tauren Totem
20:15 Orc Burrow
24:06 Orc Burrow
» items
| Dust of Appearance | 1 | |
| Lesser Clarity Potion | 3 | |
| Healing Salve | 2 | |
| Scroll of Speed | 1 | |
| Tiny Great Hall | 1 | |
| Potion of Healing | 1 | |
| Potion of Mana | 1 | |
10 total
team 2 (winner)
7.30 (
green | 26 APM | 3405 actions | 132:46)
6 Blademaster
2 Wind Walk
3 Critical Strike
1 Bladestorm
5 Shadow Hunter
2 Hex
3 Healing Wave
4 Tauren Chieftain
2 War Stomp
2 Endurance Aura
» actions
| Assign group hotkey | 84 | |
| Basic commands | 326 | |
| Build / train | 166 | |
| ESC pressed | 10 | |
| Enter build submenu | 56 | |
| Enter hero's abilities submenu | 15 | |
| Give item / drop item | 21 | |
| Right click | 1182 | |
| Select / deselect | 672 | |
| Select group hotkey | 604 | |
| Use ability | 269 | |
3405 total
» units
| Peon | 12 | |
| Grunt | 8 | |
| Troll Witch Doctor | 3 | |
| Raider | 4 | |
| Goblin Shredder | 3 | |
| Wind Rider | 2 | |
| Tauren | 2 | |
| Shaman | 2 | |
| Troll Batrider | 1 | |
| Goblin Zeppelin | 44 | |
| Demolisher | 1 | |
| Goblin Sapper | 12 | |
94 total
» upgrades
| Berserker Strength | 1 | |
| Ensnare | 1 | |
| Witch Doctor Training | 2 | |
| Troll Regeneration | 1 | |
| Spirit Walker Training | 2 | |
| Armor | 3 | |
| Burning Oil | 1 | |
| Liquid Fire | 2 | |
| Envenomed Spears | 2 | |
| War Drums Damage Increase | 1 | |
| Melee Weapons | 3 | |
| Pulverize | 1 | |
| Shaman Training | 2 | |
| Reinforced Defenses | 1 | |
23 total
» buildings
| Altar of Storms | 1 | |
| Orc Burrow | 9 | |
| Voodoo Lounge | 3 | |
| Barracks | 1 | |
| Stronghold | 1 | |
| Spirit Lodge | 1 | |
| Beastiary | 3 | |
| Fortress | 1 | |
| Great Hall | 4 | |
| War Mill | 2 | |
| Watch Tower | 67 | |
| Tauren Totem | 2 | |
95 total
» build order
00:05 Altar of Storms
00:19 Orc Burrow
00:28 Voodoo Lounge
00:38 Voodoo Lounge
01:18 Orc Burrow
01:44 Barracks
03:11 Stronghold
04:21 Orc Burrow
06:10 Spirit Lodge
06:15 Orc Burrow
06:57 Beastiary
07:54 Fortress
08:32 Great Hall
09:09 War Mill
09:29 Orc Burrow
10:54 Orc Burrow
13:33 Watch Tower
13:33 Watch Tower
13:34 Watch Tower
13:34 Watch Tower
13:38 Watch Tower
13:39 Watch Tower
13:39 Watch Tower
13:40 Watch Tower
13:40 Watch Tower
14:07 Great Hall
14:37 Watch Tower
14:38 Watch Tower
14:39 Watch Tower
16:09 Watch Tower
16:10 Watch Tower
16:15 Watch Tower
16:16 Watch Tower
18:29 Voodoo Lounge
18:34 Watch Tower
18:35 Watch Tower
19:15 Tauren Totem
19:17 Tauren Totem
19:20 Beastiary
19:21 Beastiary
19:33 Watch Tower
20:28 Orc Burrow
21:57 Watch Tower
21:58 Watch Tower
22:04 Watch Tower
22:05 Watch Tower
23:55 Great Hall
23:57 Watch Tower
23:58 Watch Tower
23:59 Watch Tower
23:59 Watch Tower
24:00 Watch Tower
24:00 Watch Tower
24:01 Watch Tower
24:01 Watch Tower
26:22 Orc Burrow
34:07 Watch Tower
34:08 Watch Tower
34:09 Watch Tower
34:11 Watch Tower
34:13 Watch Tower
34:14 Watch Tower
34:14 Watch Tower
34:16 Watch Tower
34:17 Watch Tower
34:18 Watch Tower
34:18 Watch Tower
34:31 Watch Tower
34:32 Watch Tower
34:34 Watch Tower
34:34 Watch Tower
34:35 Watch Tower
34:36 Watch Tower
34:37 Watch Tower
34:37 Watch Tower
34:38 Watch Tower
36:53 Watch Tower
36:53 Watch Tower
36:55 Watch Tower
36:55 Watch Tower
36:59 Watch Tower
37:00 Watch Tower
37:01 Watch Tower
38:52 Watch Tower
38:52 Watch Tower
38:54 Watch Tower
38:55 Watch Tower
38:57 Watch Tower
38:58 Watch Tower
38:59 Watch Tower
39:03 Watch Tower
40:51 Watch Tower
43:32 Orc Burrow
47:32 Great Hall
49:43 War Mill
» items
| Lesser Clarity Potion | 5 | |
| Scroll of Speed | 1 | |
| Healing Salve | 3 | |
| Boots of Speed | 2 | |
| Staff of Teleportation | 1 | |
| Dust of Appearance | 1 | |
| Scroll of Town Portal | 3 | |
| Orb of Lightning | 3 | |
| Potion of Healing | 3 | |
| Periapt of Vitality | 1 | |
| Tiny Great Hall | 2 | |
25 total
Chat log
(29:16 / All) 7.30: lol
(29:19 / All) 7.30: that was a hilarious game
(29:23 / All) 7.30: not difficult
(29:25 / All) 7.30: but funny
(29:34 / All) dmx_br: fuck you noob
(29:34 / All) 7.30: i didnt lose a single unit
(29:35 / All) 7.30: LOL
(29:49 / All) 7.30: here i need to drop upkeep
(29:54 / All) dmx_br: my estavs no banheiro
(29:56 / All) 7.30: LOL
(30:02 / All) 7.30: man, why do all brazilians suck so bad
(30:12 / All) dmx_br: no temp basse
(30:19 / All) 7.30: hey
(30:19 / All) 7.30: hey
(30:23 / All) 7.30: speak a real language
(30:29 / All) dmx_br: tu es um noob
(30:34 / All) 7.30: not that brown nigger shit
(31:40 / All) 7.30: leave noob :)
(32:12 / All) 7.30: LOL
(32:13 / All) 7.30: purge
(32:16 / All) 7.30: pro
(32:31 / All) 7.30: no orb
(32:33 / All) 7.30: lol
(32:40 / All) 7.30: sell your items
(32:55 / All) 7.30: there goes 70 gold
(32:56 / All) 7.30: wast)ed
(33:32 / All) 7.30: LOL
(33:40 / All) 7.30: so bad
(33:58 / All) 7.30: im not even interested in winning
(33:59 / All) 7.30: lol
(34:22 / All) 7.30: Here ya go
(34:24 / All) 7.30: im a nice guy
(34:52 / All) 7.30: put this tiny great hall to good use
(35:00 / All) 7.30: dont kill your buildings lol
(35:17 / All) 7.30: I FORBIT IT
(36:26 / All) 7.30: now go build something useful
(37:23 / All) 7.30: hey
(37:28 / All) 7.30: use your tiny great hall noob
(37:54 / All) 7.30: theres another
(37:55 / All) 7.30: do it right
(38:05 / All) 7.30: ugh
(38:06 / All) 7.30: dumb shi
(38:26 / All) 7.30: god you suck
(38:27 / All) 7.30: leave
(38:37 / All) 7.30: you cant even take charity
(38:46 / All) 7.30: now i understand why brazil is so poor
(39:37 / All) 7.30: oh that aint gonna happe
(39:38 / All) 7.30: lol
(39:40 / All) 7.30: you have to leave
(40:19 / All) 7.30: now go mine some gold, slave
(40:23 / All) 7.30: no
(40:23 / All) 7.30: no
(40:26 / All) 7.30: mine gold faggot
(41:10 / All) 7.30: lol
(42:46 / All) 7.30: LOL
(42:46 / All) 7.30: gg
(42:51 / All) 7.30: now leave faggot
(43:49 / All) 7.30: why wont you just leave man
(43:51 / All) 7.30: you suck
(58:57 / All) 7.30: all right
(59:00 / All) 7.30: you ready for this?
(59:20 / All) 7.30: i can make those goblins go anytime
(59:26 / All) 7.30: but ONLY if you say two little letters
(59:28 / All) 7.30: g
(59:28 / All) 7.30: g
(59:37 / All) 7.30: if you say gg, i'll permit you to leave
(60:03 / All) 7.30: i wouldnt let you destroy your own base, and your ego wont let you leave
(60:07 / All) 7.30: but ill end it if you say gg
(60:10 / All) 7.30: in the next 10 minute)s
(60:16 / All) 7.30: starting...
(60:16 / All) 7.30: NOW
(72:19 / All) 7.30: ok that was about 10 minutes
(72:25 / All) 7.30: and never heard a peep out of you
(72:50 / All) 7.30: this was fun, im going bass fishing now
(72:55 / All) 7.30: enjoy watching my zepplins
(74:14 / All) dmx_br: noob
(74:18 / All) 7.30: oh hey
(74:19 / All) 7.30: youre back :)
(74:32 / All) 7.30: i think you must not understand what "noob means"
(74:41 / All) 7.30: because you play bad, you do stupid things
(74:46 / All) 7.30: so that would make you the noob
(75:00 / All) 7.30: you want me to finish it?
(75:38 / All) 7.30: you apparently do because you were trying to destroy your own base
(76:22 / All) 7.30: guess you dont want me to end it
(76:36 / All) 7.30: ok bye, fishing time